 Dungeon Crawl Stone Soup version 0.20-a0-1015-g2ec8a95 (webtiles) character file.

33911 erloom the Warrior (level 13, -1/129 HPs)
             Began as a Minotaur Fighter on Apr 15, 2017.
             Was the Champion of Okawaru.
             Slain by an orc warrior
             ... wielding a +0 halberd
              (20 damage)
             ... on level 2 of the Orcish Mines.
             The game lasted 00:49:38 (17103 turns).

erloom the Warrior (Minotaur Fighter)              Turns: 17103, Time: 00:49:39

Health: -1/129     AC: 20    Str: 22    XL:     13   Next: 39%
Magic:  15/15      EV: 13    Int:  8    God:    Okawaru [******]
Gold:   1260       SH: 13    Dex: 11    Spells: 12/12 levels left

rFire    . . .     SeeInvis +   J - +4 war axe (chop)
rCold    . . .     Gourm    +   c - +0 shield
rNeg     . . .     Faith    .   X - +9 ring mail of Integrity {rElec}
rPois    .         Spirit   .   (helmet restricted)
rElec    +         Reflect  .   V - +2 cloak
rCorr    .         Harm     .   H - +0 pair of gloves of Okawaru's Anger {Regen+}
MR       +....                  (no boots)
Stlth    +.........             Y - amulet of the gourmand
Regen    0.8/turn               j - ring of see invisible
MPRegen  0.2/turn               E - ring of protection from magic

@: very slightly contaminated, invisible
A: retaliatory headbutt, horns 2
a: Heroism, Finesse, Renounce Religion


You were on level 2 of the Orcish Mines.
You worshipped Okawaru.
Okawaru was exalted by your worship.
You were completely stuffed.

You visited 4 branches of the dungeon, and saw 18 of its levels.

You collected 1756 gold pieces.
You spent 496 gold pieces at shops.

Inventory:

Hand Weapons
 p - a +0 flail of holy wrath
 t - a +2 hand axe of chopping
 J - a +4 war axe of chopping (weapon)
 K - the cursed +0 scythe of Arrival {slice, *Corrode Int+5, unknown}
   (You found it on level 2 of the Lair of Beasts)

   It inflicts extra damage upon your enemies.
   It affects your intelligence (+5).
   It may corrode you when you take damage.
   It has a curse placed upon it.
 M - a +0 broad axe of flaming
 N - the +6 mace of Ceggod {freeze, rN+}
   (You found it on level 7 of the Dungeon)

   It has been specially enchanted to freeze those struck by it, causing extra
   injury to most foes and up to half again as much damage against particularly
   susceptible opponents.
   It can also slow down cold-blooded creatures.
   It protects you from negative energy.
Missiles
 G - 202 arrows
Armour
 c - a +0 shield (worn)
 o - a +0 pair of gloves
 C - the +1 chain mail of Patience {+Inv MR- Int+4 Dex+5}
   (You found it on level 4 of the Dungeon)

   It affects your intelligence (+4).
   It affects your dexterity (+5).
   It affects your resistance to hostile enchantments.
   It lets you turn invisible.
 H - the +0 pair of gloves of Okawaru's Anger (worn) {Regen+}
   (Okawaru gifted it to you on level 3 of the Lair of Beasts)

   It increases your rate of regeneration.
 V - a +2 cloak (worn)
 X - the +9 ring mail of Integrity (worn) {rElec}
   (Okawaru gifted it to you on level 10 of the Dungeon)

   It insulates you from electricity.
Jewellery
 j - a ring of see invisible (left hand)
 A - an uncursed ring of magical power
 E - a ring of protection from magic (right hand)
 Y - an amulet of the gourmand (around neck)
Wands
 i - a wand of polymorph (9/24)
 u - a wand of digging (21/24)
 z - a wand of flame (33/48)
 B - a wand of iceblast (5/15)
 D - a wand of flame (19/48)
 I - a wand of flame (13/48)
 P - a wand of confusion (11/48)
 Q - a wand of polymorph (10/24)
 S - a wand of flame (29/48)
Scrolls
 e - a scroll of identify
 h - 4 scrolls of remove curse
 q - a scroll of summoning {unknown}
 y - a scroll of fog {unknown}
 F - a scroll of recharging
 O - a scroll of holy word {unknown}
 T - 3 scrolls of magic mapping
 U - a scroll of enchant armour {unknown}
 Z - 3 scrolls of amnesia
Potions
 b - 4 potions of lignification
 d - 7 potions of curing
 k - 2 potions of agility
 l - 3 potions of flight
 r - 5 potions of magic
 v - 2 potions of ambrosia
 w - 2 potions of brilliance
 x - a potion of resistance
 L - 5 potions of mutation
Miscellaneous
 a - a lightning rod (4/4)
 R - a lightning rod (4/4)
Comestibles
 f - 5 bread rations
 g - 12 royal jellies
 n - 6 meat rations


   Skills:
 + Level 16.2 Fighting
 + Level 12.6 Axes
 - Level 1.2(8.3) Maces & Flails
 - Level 9.3 Armour
 + Level 6.3 Dodging
 + Level 13.0 Shields
 + Level 4.9 Evocations


You had 12 spell levels left.
You didn't know any spells.

Dungeon Overview and Level Annotations

Branches:
Dungeon (10/15)            Temple (1/1) D:4            Lair (5/6) D:10
 Shoals (0/4) Lair:3        Snake (0/4) Lair:2          Orc (2/2) D:10
    Elf (0/3) Orc:2
  Slime: Lair:5-6

Altars:
Ashenzari
Cheibriados
Dithmenos
Elyvilon
Fedhas
Hepliaklqana
Makhleb
Nemelex Xobeh
Okawaru
Ru
Sif Muna
Trog
Xom
Yredelemnul
Zin
The Shining One
Beogh

Shops:
D:8 *   D:10 [   Orc:2 =?

Annotations:
Lair:4 Rupert


Innate Abilities, Weirdness & Mutations

You reflexively headbutt those who attack you in melee.
You have a pair of horns on your head.


Message History

You hit the orc warrior but do no damage.
You block the orc warrior's attack. x2
Unknown command.
Press < or > to pray at altars.
You barely miss the orc warrior.
The orc warrior is almost dead.
You hit the orc warrior but do no damage.
You block the orc warrior's attack.
An orc warrior comes into view. It is wielding a long sword.
You slice the orc warrior!!
You kill the orc warrior!
Okawaru accepts your kill.
You closely miss the orc warrior. You slash the orc warrior!
You block the orc warrior's attack.
Your ring mail of Integrity prevents you from hitting the orc warrior.
Your headbutt misses the orc warrior.
The orc warrior is heavily wounded.
You hit the orc warrior. The orc warrior completely misses you.
The orc warrior hits you with a halberd!!
You die...

..#..#######.###.###..#,,,,*,,,,,
..#...................#,,,,*,,,,,
'##.)###.###..........##o##*,,,,,
.....# #.# #..⌠...⌠.....o..,,,,,,
'###.# #.# #..........#*+***,,,,,
...#.###.###.###)###..#,,,,*,,,,,
...#......)).#..o..#..#,,,,*,,,,,
...#.###.###.#..)o(#..#,,,,*,,,,,
...#.# #.# #.#..@o.#..#,,,∩*,,,,,
####.###.###)#######..#*****,,,,,
...........†...........,,,,,,,,,,
..(..(..)))............,,,,,,,,,,
#)####################**,,,,,,,,,
##.## *,,,,,,,,,, ##.##
**,,,,,,,,, ##.## **,,,,,,,,
##.## *,,,,,,,,,


You could see 3 orc warriors.

Vanquished Creatures
  3 hydras
  4 two-headed ogres
  6 orc knights (Orc:2)
  A merfolk siren (Lair:3)
  3 elephants (Lair:2)
  Maurice (D:9)
  A black mamba (Lair:3)
  A spiny frog (Lair:3)
  A torpor snail (Lair:3)
  4 komodo dragons
  2 rime drakes
  5 trolls (Orc:1)
  A queen bee (Lair:1)
  A polar bear (Lair:2)
  3 hornets (Lair:3)
  9 blink frogs
  Grinder (D:6)
  5 hippogriffs
  A vampire (D:10)
  12 spriggans (Lair:3)
  Sigmund (D:2)
  A wraith (D:8)
  2 wyverns
  5 yaks (Lair:2)
  2 hungry ghosts
  2 chaos spawn (D:8)
  A basilisk (Lair:3)
  Grum (Lair:1)
  2 nagas (Lair:2)
  4 wargs (Orc:2)
  12 porcupines
  7 water moccasins
  2 black bears
  2 sky beasts
  2 ice beasts
  27 orc warriors
  6 ogres
  3 boggarts (Lair:3)
  7 centaurs
  A phantom (D:6)
  8 wolves
  8 crocodiles
  A big kobold (D:8)
  17 bullfrogs
  A gnoll sergeant (D:6)
  A scorpion (D:9)
  29 killer bees
  8 wights
  4 crimson imps
  A bullfrog zombie (D:9)
  A centaur zombie (D:5)
  4 howler monkeys
  4 hounds
  A centaur skeleton (D:7)
  A gnoll shaman (D:6)
  12 orc priests
  Crazy Yiuf (D:7)
  An iron imp (D:5)
  A jelly (D:9)
  An iguana (D:8)
  20 orc wizards
  Jessica (D:2)
  Natasha (thrice) (D:4)
  Terence (D:3)
  5 worker ants
  A killer bee zombie (D:10)
  2 hound skeletons
  3 worker ant zombies
  13 gnolls
  11 adders
  3 shadow imps
  3 adder skeletons
  3 adder zombies
  4 worms
  4 dart slugs
  8 leopard geckos
  73 orcs
  2 ball pythons (D:1)
  8 giant cockroaches
  8 goblins
  6 hobgoblins
  10 jackals
  4 kobolds
  4 quokkas
  4 bats
  6 frilled lizards
  A jackal skeleton (D:6)
  8 rats
479 creatures vanquished.

Vanquished Creatures (others)
  An orc wizard (Orc:2)
  2 bushes
  3 fungi (Lair:3)
  2 plants (Lair:3)
8 creatures vanquished.

Grand Total: 487 creatures vanquished

Notes
Turn   | Place    | Note
-------+----------+-------------------------------------------
     0 | D:1      | erloom the Minotaur Fighter began the quest for the Orb.
     0 | D:1      | Reached XP level 1. HP: 19/19 MP: 0/0
    75 | D:1      | Reached skill level 4 in Fighting
    75 | D:1      | Reached XP level 2. HP: 25/27 MP: 1/1
   311 | D:1      | Reached XP level 3. HP: 27/34 MP: 2/2
   872 | D:2      | Noticed Sigmund
   891 | D:2      | Killed Sigmund
   891 | D:2      | Reached skill level 5 in Fighting
   891 | D:2      | Reached skill level 5 in Axes
   891 | D:2      | Reached XP level 4. HP: 14/44 MP: 3/3
   891 | D:2      | Reached XP level 5. HP: 16/50 MP: 4/4
  1143 | D:2      | Noticed Jessica
  1148 | D:2      | Killed Jessica
  1148 | D:2      | Reached skill level 6 in Fighting
  1627 | D:3      | Reached XP level 6. HP: 46/58 MP: 5/5
  1781 | D:3      | Noticed Terence
  1801 | D:3      | Killed Terence
  2269 | D:3      | Reached skill level 7 in Fighting
  2615 | D:4      | Found a staircase to the Ecumenical Temple.
  2624 | D:4      | Got a scorched chain mail
  2630 | Temple   | Entered the Ecumenical Temple
  2654 | Temple   | Became a worshipper of Warmaster Okawaru
  2689 | D:4      | Identified the +1 chain mail of Patience {+Inv MR- Int+4 Dex+5} (You found it on level 4 of the Dungeon)
  2817 | D:4      | Noticed Natasha
  2827 | D:4      | Killed Natasha
  2827 | D:4      | Reached XP level 7. HP: 51/66 MP: 6/6
  3142 | D:4      | Noticed Natasha
  3147 | D:4      | Killed Natasha
  3224 | D:5      | Entered Level 5 of the Dungeon
  3266 | D:4      | Noticed Natasha
  3274 | D:4      | Killed Natasha
  3463 | D:5      | Reached skill level 8 in Fighting
  3871 | D:5      | Reached * piety under Okawaru
  3994 | D:5      | Found a snail-covered altar of Cheibriados.
  4067 | D:5      | Reached XP level 8. HP: 75/75 MP: 7/7
  4146 | D:5      | Reached skill level 9 in Fighting
  5143 | D:6      | Reached ** piety under Okawaru
  5251 | D:6      | Reached skill level 10 in Fighting
  5458 | D:6      | Reached skill level 10 in Axes
  5521 | D:6      | Reached XP level 9. HP: 55/86 MP: 8/8
  5768 | D:6      | Noticed Grinder
  5779 | D:6      | Killed Grinder
  5779 | D:6      | Reached skill level 11 in Fighting
  5825 | D:6      | Reached *** piety under Okawaru
  6231 | D:7      | Reached skill level 5 in Armour
  6243 | D:7      | Reached skill level 5 in Shields
  6442 | D:7      | Got a scorched mace
  6451 | D:7      | Found a runed door.
  6455 | D:7      | Noticed Crazy Yiuf
  6460 | D:7      | Killed Crazy Yiuf
  6481 | D:7      | Identified the +6 mace of Ceggod {freeze, rN+} (You found it on level 7 of the Dungeon)
  6530 | D:7      | Reached skill level 1 in Maces & Flails
  6568 | D:7      | Reached **** piety under Okawaru
  6665 | D:8      | Noticed a two-headed ogre
  6667 | D:8      | Noticed a two-headed ogre
  6710 | D:7      | Killed a two-headed ogre
  6710 | D:7      | Reached skill level 12 in Fighting
  6710 | D:7      | Reached XP level 10. HP: 86/97 MP: 9/9
  6717 | D:8      | Killed a two-headed ogre
  6771 | D:8      | Reached ***** piety under Okawaru
  6980 | D:8      | Found a shimmering altar of Xom.
  7626 | D:8      | Noticed a two-headed ogre
  7632 | D:8      | Killed a two-headed ogre
  7932 | D:8      | Found a glowing silver altar of Zin.
  7932 | D:8      | Found Zin's Purification Station.
  7999 | D:9      | Reached skill level 13 in Fighting
  8043 | D:9      | Noticed Maurice
  8061 | D:9      | Killed Maurice
  8072 | D:9      | Noticed a two-headed ogre
  8088 | D:9      | Killed a two-headed ogre
  8088 | D:9      | Reached XP level 11. HP: 82/107 MP: 10/10
  8259 | D:9      | Found a shadowy altar of Dithmenos.
  8636 | D:10     | Entered Level 10 of the Dungeon
  8971 | D:10     | Found a staircase to the Lair.
  9241 | D:10     | Received a gift from Okawaru
  9242 | D:10     | Got a fine ring mail {god gift}
  9255 | D:10     | Identified the +9 ring mail of Integrity {rElec} (Okawaru gifted it to you on level 10 of the Dungeon)
  9338 | D:10     | Found a staircase to the Orcish Mines.
  9432 | D:10     | Found Seuloeg's Armour Emporium.
  9577 | Lair:1   | Entered Level 1 of the Lair of Beasts
 10032 | Lair:1   | Reached skill level 14 in Fighting
 10080 | Lair:1   | Reached skill level 10 in Shields
 10125 | Lair:1   | Reached ****** piety under Okawaru
 10126 | Lair:1   | Noticed Grum
 10141 | Lair:1   | Killed Grum
 10736 | Lair:1   | Noticed a four-headed hydra
 10745 | Lair:1   | Killed a four-headed hydra
 11285 | Lair:1   | Got an iridescent flail
 11416 | Lair:1   | Identified the cursed +0 flail "Cyduwkent" {chaos, +Blink rPois rF+ MR+} (You found it on level 1 of the Lair of Beasts)
 11658 | Lair:2   | Found a staircase to the Snake Pit.
 11724 | Lair:2   | Reached skill level 15 in Fighting
 11733 | Lair:2   | Reached XP level 12. HP: 94/119 MP: 11/11
 11898 | Lair:2   | Got an ancient scythe
 12216 | Lair:2   | Reached skill level 1 in Dodging
 12216 | Lair:2   | Reached skill level 1 in Evocations
 12220 | Lair:2   | Received a gift from Okawaru
 12358 | Lair:2   | Noticed a seven-headed hydra
 12370 | Lair:2   | Killed a seven-headed hydra
 13412 | Lair:3   | Found a staircase to the Shoals.
 13490 | Lair:3   | Received a gift from Okawaru
 13491 | Lair:3   | Got a pair of ichor-stained gloves {god gift}
 13506 | Lair:3   | Identified the +0 pair of gloves of Okawaru's Anger {Regen+} (Okawaru gifted it to you on level 3 of the Lair of Beasts)
 13906 | Lair:3   | Noticed a death yak
 13906 | Lair:3   | Noticed a death yak
 13906 | Lair:3   | Noticed a death yak
 13918 | Lair:3   | Noticed a death yak
 14288 | Lair:3   | Noticed a five-headed hydra
 14298 | Lair:3   | Killed a one-headed hydra
 14390 | Lair:3   | Reached skill level 5 in Dodging
 15134 | Lair:4   | Reached XP level 13. HP: 119/128 MP: 15/15
 15194 | Lair:5   | Noticed Rupert
 15202 | Lair:5   | Paralysed by Rupert for 6 turns
 15266 | Lair:4   | Paralysed by Rupert for 3 turns
 15521 | Orc:1    | Entered Level 1 of the Orcish Mines
 15742 | Orc:2    | Entered Level 2 of the Orcish Mines
 16058 | Orc:1    | Found a roughly hewn altar of Beogh.
 16313 | Orc:1    | Reached skill level 16 in Fighting
 16441 | Orc:2    | Found a staircase to the Elven Halls.
 16681 | Orc:2    | Received a gift from Okawaru
 16779 | Orc:2    | Found Fiwysas's Jewellery Boutique.
 16779 | Orc:2    | Found Kuag's Magic Scroll Emporium.
 16783 | Orc:2    | Bought an uncursed ring of protection from magic for 400 gold pieces
 16793 | Orc:2    | Bought a scroll of identify for 32 gold pieces
 16793 | Orc:2    | Bought a scroll of identify for 32 gold pieces
 16793 | Orc:2    | Bought a scroll of identify for 32 gold pieces
 17012 | Orc:2    | Found a roughly hewn altar of Beogh.
 17078 | Orc:2    | HP: 2/128 [orc knight/enchanted great sword (12)]
 17103 | Orc:2    | Slain by an orc warrior

Vault maps used:
D:1:      onia_arrival_larder, hex_tiny, minmay_octomino_j4
D:2:      hangedman_abyss_or_decor_stabs, uniq_sigmund, uniq_jessica
D:3:      uniq_terence
D:4:      minmay_temple_entry_crystal_x, first_bread, uniq_natasha
D:5:      dk_vineyard_2, hangedman_decor_points, minmay_misc_feat_nine_boxes,
          chei_slow_surprise
D:6:      feat_on_display, uniq_grinder
D:7:      uniq_crazy_yiuf_cottage
D:8:      zin_purify, blue_anna_alchemist, nrook_mini_backslash,
          kb_lookout_dungeons_type, minmay_guarded_unrand_variability
D:9:      basic_altar, uniq_maurice
D:10:     lair_entry_dummy, orc_0_dummy, serial_shops, kennysheep_mini
Temple:   nicolae_temple_the_god_donut
Lair:1:   special_room, grunt_megastairs_3, uniq_grum
Lair:2:   guppyfry_snake_entry_garden
Lair:3:   kb_forest_paths, minmay_shoals_entry_lonely_mermaid,
          serial_bayou_pond_b
Lair:4:   st_stairs_10
Lair:5:   st_stairs_13, beast_lair_carwin_10, uniq_rupert, uniq_snorg
Orc:1:    basic_altar
Orc:2:    st_orc_town, basic_altar, serial_shops, shop

Skill      XL: |  1  2  3  4  5  6  7  8  9 10 11 12 13 |
---------------+----------------------------------------+-----
Fighting       | 4 5 6 7 8 10 12 13 15 16 | 16.2
Axes           | 3 5 6 8 10 11 12 | 12.6
Armour         | 6 8 9 |  9.3
Shields        | 6 8 11 12 13 | 13.0
Maces & Flails | 1 |  1.2
Dodging        | 5 6 |  6.3
Evocations     | 4 |  4.9

Action                   |  1- 3 |  4- 6 |  7- 9 | 10-12 | 13-15 || total
-------------------------+-------+-------+-------+-------+-------++-------
Melee: War axe           |    76 |   177 |   277 |   729 |   268 ||  1527
       Headbutt          |     8 |    26 |    49 |   143 |    46 ||   272
       Mace              |       |       |     9 |    12 |       ||    21
       Broad axe         |       |       |       |     5 |       ||     5
Invok: Heroism           |       |       |       |     1 |     1 ||     2
Evoke: Wand              |       |       |     3 |       |     3 ||     6
  Use: Scroll            |     1 |     1 |     9 |     8 |    12 ||    31
       Potion            |     1 |       |       |     2 |     8 ||    11
 Stab: Invisible         |       |       |       |       |     8 ||     8
  Eat: Chunk             |       |     7 |    14 |    31 |     7 ||    59
       Bread ration      |       |       |       |     2 |       ||     2
Armor: Scale mail        |    33 |    61 |    37 |       |       ||   131
       Plate armour      |       |       |    60 |   110 |       ||   170
       Ring mail         |       |       |       |   200 |    43 ||   243
Dodge: Dodged            |    26 |    52 |    71 |   161 |    80 ||   390
Block: Shield            |    37 |    96 |   115 |   442 |   137 ||   827
